 Dungeon Crawl Stone Soup version 0.29.0-4-gdea44cf6ec (webtiles) character file.

Game seed: 5346724694611026772

29 qw the Chopper (level 3, 0/21 HPs)
             Began as a Tengu Warper on Aug 28, 2022.
             Slain by a crimson imp (2 damage)
             ... summoned by Natasha
             ... on level 2 of the Dungeon.
             The game lasted 00:00:05 (1005 turns).

qw the Chopper (Tengu Warper)                       Turns: 1005, Time: 00:00:06

Health: 0/21       AC:  3    Str: 13    XL:     3   Next: 16%
Magic:  7/7        EV: 12    Int: 13    God:
Gold:   56         SH:  0    Dex: 13    Spells: 6/6 levels left

rFire   . . .      SeeInvis .   Y - +0 hand axe
rCold   . . .      Faith    .   (no shield)
rNeg    . . .      Spirit   .   b - +0 leather armour
rPois   .          Reflect  .   (helmet restricted)
rElec   .          Harm     .   (no cloak)
rCorr   .          Rampage  .   (no gloves)
Will    .....                   (boots unavailable)
Stlth   +.........              (no amulet)
HPRegen 0.07/turn               (no ring)
MPRegen 0.10/turn               (no ring)

@: no status effects
A: beak, talons 3
a: no special abilities


You were on level 2 of the Dungeon.
You visited 1 branch of the dungeon, and saw 2 of its levels.

You collected 56 gold pieces.


Innate Abilities, Weirdness & Mutations

You have a beak for a mouth.
You have claws for feet.


   Skills:
 - Level 2.0 Fighting
 + Level 3.9 Axes
 - Level 1.0 Throwing
 - Level 1.1 Armour
 - Level 2.1 Dodging
 - Level 2.0 Spellcasting
 - Level 2.4 Translocations


You had 6 spell levels left.
You didn't know any spells.
Your spell library contained the following spells:

 Spells                   Type           Power      Damage    Failure   Level
 Blink                    Tloc           14%        N/A       19%         2
 Gell's Gravitas          Tloc           7%         N/A       36%         3
 Lesser Beckoning         Tloc           7%         N/A       36%         3
 Teleport Other           Tloc           7%         N/A       36%         3
 Manifold Assault         Tloc           7%         N/A       98%         5

Inventory:

Hand Weapons
 f - a +0 club
 Y - a +0 hand axe (weapon)
Armour
 b - a +0 leather armour (worn)
Potions
 a - a potion of curing {unknown}
 c - a potion of berserk rage {unknown}
 h - a potion of haste {unknown}
 i - a potion of cancellation {unknown}

Dungeon Overview and Level Annotations

Branches:
Dungeon (2/15)

Altars:

Annotations:
D:2 Natasha


Message History

Natasha, Servant of Life and Death comes into view.
Found 13 gold pieces.
Natasha hisses angrily.
A goblin comes into view. It is wielding a +0 club.
Enter note:
Found 5 poisoned darts.
Natasha stares at you and mumbles some strange words.
The magic dart hits you!
Found 20 gold pieces.
The goblin shouts!
Found a buckler.
Natasha claws you!
You hit Natasha but do no damage. You claw Natasha.
Natasha is lightly wounded.
Natasha barely misses you.
You barely miss Natasha. Your kick misses Natasha.
Natasha is lightly wounded.
Natasha mumbles some strange words.
You completely miss Natasha. You claw Natasha.
Natasha is moderately wounded.
You hit the goblin.
You kill the goblin!
Natasha casts a spell at you. You resist with significant effort.
You hit Natasha.
Natasha is moderately wounded.
You miss the crimson imp.
Natasha mumbles some strange words.
The crimson imp misses you.
You closely miss Natasha. Your kick misses Natasha.
Natasha is moderately wounded.
You closely miss the crimson imp. Natasha closely misses you.
The crimson imp hits you but does no damage.
The crimson imp blinks!
You hit Natasha. Your kick misses Natasha.
Natasha is heavily wounded.
You hit the crimson imp but do no damage.
Natasha claws you. The crimson imp hits you.
You die...

## #...%...#
.######.......# $......
..............# .......
#.#.....<.....# .......
#..#)##.......###.......
##...##.......##....$...
#....##.......##...ยค....
...#.#######.....)...($[
.#.#...###......@h.....#
.#.###..........5......#
.#..#####..###....######
..#..####.## ##...#
..##.##...# #...# ..
#....### #...# ..#######
#...+ .. #...# .. .#


You could see Natasha and a crimson imp (summoned).

Vanquished Creatures
  A dart slug (D:1)
  2 endoplasms
  4 giant cockroaches
  5 goblins
  2 hobgoblins (D:1)
  A quokka (D:1)
  2 ball pythons (D:2)
  2 bats (D:1)
  3 frilled lizards (D:2)
  A kobold (D:1)
  A rat (D:1)
24 creatures vanquished.

Notes
Turn   | Place    | Note
-------+----------+-------------------------------------------
     0 | D:1      | qw the Tengu Warper began the quest for the Orb.
     0 | D:1      | Reached XP level 1. HP: 12/12 MP: 4/4
     0 | D:1      | 0 ||| qw: Version: 0.1-a-89-g26bdef1
     0 | D:1      | 0 ||| qw: Game counter: 1472
     0 | D:1      | 0 ||| qw: Always use a shield: true
     0 | D:1      | 0 ||| qw: God list: Okawaru
     0 | D:1      | 0 ||| qw: Allow faded altars: false
     0 | D:1      | 0 ||| qw: Do Orc after D:15 true
     0 | D:1      | 0 ||| qw: Do second Lair branch before Depths: true
     0 | D:1      | 0 ||| qw: Lair rune preference: random
     0 | D:1      | 0 ||| qw: Plans: Normal
     0 | D:1      | 0 ||| PLANNING D:1-11
   117 | D:1      | 117 ||| Stepping ~*~*~tactically~*~*~ (stealth).
   166 | D:1      | Reached XP level 2. HP: 15/17 MP: 6/6
   175 | D:1      | Reached skill level 3 in Axes
   530 | D:1      | 530 ||| DROPPING ring of wizardry.
   531 | D:1      | 531 ||| READING scroll labelled GYUTHE EK AGG.
   632 | D:1      | 632 ||| DRINKING 2 grey potions.
   633 | D:1      | 633 ||| DROPPING scroll of blinking.
   634 | D:1      | 634 ||| DROPPING potion of attraction.
   740 | D:2      | 740 ||| FLEEEEING.
   741 | D:2      | 741 ||| FLEEEEING.
   742 | D:2      | 742 ||| STAIRDANCE
   830 | D:2      | Reached XP level 3. HP: 21/21 MP: 7/7
   920 | D:2      | 920 ||| Stepping ~*~*~tactically~*~*~ (hiding).
   996 | D:2      | Noticed Natasha
  1005 | D:2      | HP: 2/21 [Natasha (5)]
  1005 | D:2      | Slain by a crimson imp

Levels and vault maps discovered:
D:1:      dpeg_arrival_court, layout_rooms, corexii_leaking_fountain
D:2:      layout_rooms, kennysheep_generic_room_10, uniq_natasha

Skill      XL: |  1  2 |
---------------+-------+-----
Axes           | 3 |  3.9
Fighting       | |  2.0
Throwing       | |  1.0
Armour         | |  1.1
Dodging        | |  2.1
Spellcasting   | |  2.0
Translocations | |  2.4

Action                   || total
-------------------------++-------
Melee: Hand axe          ||    49
       Kick              ||    12
       Peck              ||     3
Throw: Boomerang         ||     7
  Use: Scroll            ||     1
       Potion            ||     1
Armor: Leather armour    ||    13
Dodge: Dodged            ||    24

Table legend:
 A = Non-vault XP
 B = Vault XP
 C = Vault XP percentage of total XP
 D = Non-vault monster count
 E = Vault monster count
 F = Vault count percentage of total count
                 A         B        C        D         E       F
            +---------+---------+-------+---------+---------+-------
      Total |      42 |       0 |   0.0 |      24 |       0 |   0.0
            +---------+---------+-------+---------+---------+-------
        D:1 |      24 |       0 |   0.0 |      13 |       0 |   0.0
        D:2 |      18 |       0 |   0.0 |      11 |       0 |   0.0
            +---------+---------+-------+---------+---------+-------
